AoeStats
← HENDRIXarg2502

Arabia

510215713Analyzed
1v1 RM · 3d ago on Sep 30, 2026· 31m 55s· 2 players
Game mode
Random Map
Map size
Tiny (2 player)
Population
200
Speed
Normal
Resources
Standard
Victory
Conquest
Starting age
Dark Age
Ending age
Imperial Age
RankedLock teamsTeams togetherTeam positionsShared explorationLock speedFull tech treeHidden civsTurbo modeCheats
Victory
Defeat
🇦🇷 Dravidians · Argentina
1143
+15
🇺🇸 Danes · United States
1131
-15
Maerlin_the_Mighty325
7:35 Loom
9:51 Feudal Age
10:01 Man-at-Arms
12:33 Arson
13:24 Town Watch
14:01 Double-Bit Axe
16:40 Fletching
16:51 Padded Archer Armor
21:07 Horse Collar
26:05 Castle Age
27:17 Bodkin Arrow
27:23 Scale Mail Armor
28:07 Leather Archer Armor
27:19 Elite Skirmisher
28:41 Wheelbarrow
28:39 Squires
30:15 Chain Mail Armor
HENDRIXarg2502
6:47 Loom
9:30 Feudal Age
10:29 Double-Bit Axe
12:20 Fletching
19:22 Wheelbarrow
20:05 Padded Archer Armor
22:39 Castle Age
21:23 Horse Collar
21:46 Gold Mining
22:44 Elite Skirmisher
23:11 Light Cavalry
23:47 Crossbowman
27:56 Ballistics
27:53 Bodkin Arrow
30:58 Scale Barding Armor
Connection lost

Rejoining the realm…

Still unreachable

The connection could not be restored.

Session expired

The server has moved on; the page needs a fresh start.